AoeStats
← 拿出我四十米大刀

Socotra

504679213Analyzed
3v3 RM · 27d ago on Sep 6, 2026· 34m 30s· 6 players
Game mode
Random Map
Map size
128×128
Population
200
Speed
Normal
Resources
Standard
Victory
Conquest
Starting age
Dark Age
Ending age
Imperial Age
RankedLock teamsTeams togetherTeam positionsShared explorationLock speedFull tech treeHidden civsTurbo modeCheats
Victory
Defeat
🇦🇷 Sicilians · Argentina
918
+12
🇦🇷 Britons · Argentina
834
+16
🇦🇷 Byzantines · Argentina
833
+15
926
-53
🇹🇼 Portuguese · Taiwan
781
-32
🇦🇷 Huns · Argentina
765
-12
TAIWAN_NO.1
10:43 Feudal Age
9:01 Loom
13:18 Horse Collar
13:25 Double-Bit Axe
18:58 Bloodlines
20:47 Wheelbarrow
30:32 Castle Age
30:36 Crossbowman
32:18 Hand Cart
32:38 Heavy Plow
想當鹹魚
13:12 Feudal Age
16:37 Wheelbarrow
16:15 Loom
18:10 Horse Collar
19:11 Man-at-Arms
22:48 Arson
拿出我四十米大刀
1:12 Loom
13:29 Feudal Age
14:29 Double-Bit Axe
16:57 Horse Collar
17:04 Man-at-Arms
27:02 Wheelbarrow
black
2:08 Loom
10:34 Feudal Age
11:01 Double-Bit Axe
16:40 Horse Collar
16:55 Gold Mining
18:49 Forging
20:34 Wheelbarrow
20:07 Scale Mail Armor
25:57 Castle Age
28:25 Hand Cart
28:19 Heavy Plow
28:35 Bow Saw
30:09 Iron Casting
29:49 Chain Mail Armor
31:42 Gold Shaft Mining
30:57 Stone Mining
32:20 Town Watch
33:39 Stone Shaft Mining
34:07 Murder Holes
Laucha.10
0:28 Loom
12:21 Feudal Age
13:38 Wheelbarrow
12:49 Town Watch
12:52 Double-Bit Axe
24:38 Castle Age
24:54 Stone Mining
24:56 Gold Mining
25:43 Hand Cart
25:34 Horse Collar
25:49 Gold Mining
26:36 Heavy Plow
29:06 Bow Saw
33:47 Imperial Age
33:07 Fletching
33:17 Padded Archer Armor
33:31 Forging
33:22 Scale Mail Armor
33:28 Squires
32:50 Pikeman
Cerati matero
5:44 Loom
11:59 Feudal Age
14:54 Wheelbarrow
15:35 Man-at-Arms
20:28 Wheelbarrow
24:57 Scale Mail Armor
27:26 Castle Age
26:53 Double-Bit Axe
28:17 Scale Mail Armor
28:54 Stone Mining
29:04 Crossbowman
29:58 Horse Collar
31:12 Thumb Ring
33:22 Hand Cart
33:31 Heavy Plow
Connection lost

Rejoining the realm…

Still unreachable

The connection could not be restored.

Session expired

The server has moved on; the page needs a fresh start.